 Dungeon Crawl Stone Soup version 0.28-a0-1374-ga75cb3825e (webtiles) character file.

Game seed: 17215076928348235914

612 fragbeetle the Chopper (level 7, -1/58 HPs)
             Began as a Palentonga Cinder Acolyte on Dec 31, 2021.
             Was a High Priest of Ignis.
             Slain by a water moccasin (2 damage)
             ... on level 5 of the Dungeon.
             The game lasted 00:13:23 (3914 turns).

fragbeetle the Chopper (Palentonga Cinder Acolyte)  Turns: 3914, Time: 00:13:25

Health: -1/58      AC: 12    Str: 19    XL:     7   Next: 20%
Magic:  2/11       EV:  9    Int: 17    God:    Ignis [*****.]
Gold:   103        SH:  0    Dex:  5    Spells: 7/11 levels left

rFire   + . .      SeeInvis +   a - -1 hand axe (flame)
rCold   . . .      Faith    .   (no shield)
rNeg    . . .      Spirit   .   k - +1 leather armour of Geas {rPois Str+2}
rPois   +          Reflect  .   m - +0 hat
rElec   .          Harm     .   (no cloak)
rCorr   .          Rampage  .   (no gloves)
Will    .....                   (no barding)
Stlth   +.........              (no amulet)
HPRegen 0.19/turn               y - ring of wizardry
MPRegen 0.12/turn               (no ring)

@: lethally poisoned (-1 -> -12), curled up
A: large, rugged brown scales 3, see invisible, deformed body, roll 1, armoured
tail, reflexive curl
a: Rolling Charge, Renounce Religion, Fiery Armour, Foxfire Swarm, Rising Flame


You were on level 5 of the Dungeon.
You worshipped Ignis.
Ignis was extremely pleased with you.
You visited 1 branch of the dungeon, and saw 5 of its levels.

You collected 103 gold pieces.

Inventory:

Hand Weapons
 a - a -1 hand axe of flaming (weapon)
 b - a +0 hunting sling
 s - a +3 short sword of draining
Missiles
 g - 102 stones
 o - 16 sling bullets
 w - 3 atropa-tipped darts
Armour
 c - a +0 ring mail
 k - the +1 leather armour of Geas (worn) {rPois Str+2}
   (You found it on level 2 of the Dungeon)

   Str:       It affects your strength (+2).
   rPois:     It protects you from poison.
 m - a +0 hat (worn)
 v - a +0 kite shield
Jewellery
 p - an amulet of magic regeneration
 y - a ring of wizardry (left hand)
Scrolls
 d - a scroll of amnesia {unknown}
 e - 2 scrolls of identify {unknown}
 h - a scroll of fog {unknown}
 i - 2 scrolls of noise
 j - a scroll of torment {unknown}
 r - 2 scrolls of immolation {unknown}
 t - 2 scrolls of teleportation {unknown}
 u - a scroll of fear {unknown}
 x - a scroll of vulnerability {unknown}
Potions
 f - 2 potions of might {unknown}
 l - a potion of resistance
 n - a potion of invisibility {unknown}
 q - 4 potions of curing {unknown}


   Skills:
 + Level 4.3 Fighting
 * Level 5.3 Axes
 + Level 2.1 Armour
 - Level 0.1 Dodging
 + Level 2.8 Spellcasting
 + Level 0.6 Conjurations
 + Level 3.5 Fire Magic


You had 7 spell levels left.
You knew the following spells:

 Your Spells              Type           Power      Damage    Failure   Level
a - Scorch                Fire           28%        2d6       3%          2
b - Static Discharge      Conj/Air       3%         N/A       12%         2

Your spell library contained the following spells:

 Spells                   Type           Power      Damage    Failure   Level
 Lightning Bolt           Conj/Air       1%         1d12      87%         5
 Maxwell's Capacitive Co  Air            1%         ∞         100%        8


Dungeon Overview and Level Annotations

Branches:
Dungeon (5/15)             Temple (0/1) D:5

Altars:
Ashenzari
Cheibriados
Dithmenos
Nemelex Xobeh
Okawaru

Shops:
D:5 :

Annotations:
D:3 Sigmund


Innate Abilities, Weirdness & Mutations

You are completely covered in rugged brown scales. (AC +3, +7% HP)
You have supernaturally acute eyesight. (SInv)
Armour fits poorly on your strangely shaped body.
You can roll at nearby foes to attack.
You have a long armoured tail.
You curl defensively after being hit. (AC +7*)


Message History

The water moccasin is lightly wounded.
The water moccasin's fire resistance burns away.
The water moccasin bites you.
Casting: Scorch (safe; 3% risk of failure)
Confirm with . or Enter, or press ? or * to list all spells.
Flames lash the water moccasin.
The water moccasin is burned terribly!
The water moccasin is moderately wounded.
The water moccasin bites you but does no damage. x2
Casting: Scorch (safe; 3% risk of failure)
Confirm with . or Enter, or press ? or * to list all spells.
Flames lash the water moccasin.
The water moccasin is burned terribly!
The water moccasin is severely wounded.
The water moccasin bites you.
* * * LOW HITPOINT WARNING * * *
Casting: Scorch (safe; 3% risk of failure)
Confirm with . or Enter, or press ? or * to list all spells.
You don't have enough magic to cast this spell.
You miss the water moccasin.
You tail-slap the water moccasin, but do no damage.
The water moccasin is severely wounded.
The water moccasin bites you.
* * * LOW HITPOINT WARNING * * *
You are lethally poisoned!
The water moccasin poisons you!
The water moccasin bites you but does no damage.
You barely miss the water moccasin. You tail-slap the water moccasin!
The water moccasin is almost dead.
* * * LOW HITPOINT WARNING * * *
You feel very sick.
The water moccasin is no longer more vulnerable to fire.
The water moccasin bites you.
* * * LOW HITPOINT WARNING * * *
You barely miss the water moccasin.
The water moccasin is almost dead.
* * * LOW HITPOINT WARNING * * *
You feel very sick. The water moccasin bites you.
* * * LOW HITPOINT WARNING * * *
The water moccasin bites you.
You die...

...##.#.###................#.....
.........................#.#.#...
...##.#.###.......##......###....
...##.#.# #.......##...#...#...#.
....#.#.###........... ....#..
..................# #.>.####
..................## . #....
#...#.####.#.†.....# .. ...#.
............†..#@..#... .
#..............#.S...... ..
#...#.####.##..#......<.
#...#.####.##..#.#......
#....................$..
...............#........
........................
#.#.##.###.##........... #.#.##.#
#.##........w.


You could see a water moccasin.

Vanquished Creatures
  A black bear (D:5)
  A bullfrog (D:5)
  3 scorpions (D:4)
  A water moccasin skeleton (D:4)
  A hound (D:4)
  Jessica (D:3)
  2 iguanas (D:4)
  5 adders
  3 dart slugs
  6 orcs (D:3)
  8 endoplasms
  2 giant cockroaches
  5 goblins
  5 hobgoblins
  2 jackals (D:4)
  7 kobolds
  2 quokkas
  7 ball pythons
  4 bats
  3 frilled lizards
  3 rats
72 creatures vanquished.

Notes
Turn   | Place    | Note
-------+----------+-------------------------------------------
     0 | D:1      | fragbeetle the Palentonga Cinder Acolyte began the quest
                  | for the Orb.
     0 | D:1      | Reached XP level 1. HP: 19/19 MP: 2/2
   157 | D:1      | Reached XP level 2. HP: 24/25 MP: 3/3
   165 | D:1      | Learned a level 2 spell: Scorch
   808 | D:2      | Reached XP level 3. HP: 17/31 MP: 0/5
  1285 | D:2      | Identified the +1 leather armour of Geas {rPois Str+2}
  1646 | D:3      | Found a broken altar of Ashenzari.
  1652 | D:3      | Found a snail-covered altar of Cheibriados.
  1652 | D:3      | Found an iron altar of Okawaru.
  1652 | D:3      | Found a shadowy altar of Dithmenos.
  1662 | D:3      | Found a sparkling altar of Nemelex Xobeh.
  1748 | D:3      | Noticed Jessica
  1772 | D:3      | Reached XP level 4. HP: 3/37 MP: 2/6
  1773 | D:3      | Killed Jessica
  1969 | D:3      | Noticed a scorpion
  2022 | D:4      | Killed a scorpion
  2023 | D:4      | Reached skill level 4 in Axes
  2023 | D:4      | Reached skill level 1 in Armour
  2023 | D:4      | Reached XP level 5. HP: 3/44 MP: 0/8
  2513 | D:3      | Noticed Sigmund
  2839 | D:4      | Reached XP level 6. HP: 41/51 MP: 4/9
  3397 | D:4      | Reached skill level 5 in Axes
  3589 | D:5      | Entered Level 5 of the Dungeon
  3589 | D:5      | Found Lifad's Book Shop.
  3602 | D:5      | Learned a level 2 spell: Static Discharge
  3634 | D:5      | Noticed a water moccasin
  3677 | D:5      | Found a staircase to the Ecumenical Temple.
  3851 | D:5      | Gained mutation: You curl defensively after being hit. (AC
                  | +7*) [Palentonga growth]
  3851 | D:5      | Reached XP level 7. HP: 36/57 MP: 8/11
  3914 | D:5      | HP: 1/58 [water moccasin (3)]
  3914 | D:5      | Slain by a water moccasin

Illustrated notes

Levels and vault maps discovered:
D:1:      dpeg_arrival_rooms_with_view, layout_basic, st_stairs_1
D:2:      layout_rooms, dk_noncrumbling_3, kennysheep_minor_cross
D:3:      layout_basic, minitemple, uniq_jessica, uniq_sigmund,
          uniq_crazy_yiuf_cottage
D:4:      layout_basic
D:5:      layout_basic, minmay_temple_entry_arrows, serial_shops,
          nicolae_shop_hallway_stairs, portal_sewer_entry_b,
          nrook_pool_corridor, minmay_misc_feat_x

Skill      XL: |  1  2  3  4  5  6  7 |
---------------+----------------------+-----
Axes           | 4 5 |  5.3
Armour         | 1 2 |  2.1
Spellcasting   | 2 |  2.8
Fire Magic     | 3 |  3.5
Fighting       | 4 |  4.3
Dodging        | |  0.1
Conjurations   | |  0.6

Action                   |  1- 3 |  4- 6 |  7- 9 || total
-------------------------+-------+-------+-------++-------
Melee: Hand axe          |   102 |    55 |     4 ||   161
       Tailslap          |     9 |     4 |     2 ||    15
 Fire: Hunting sling     |       |     8 |       ||     8
Throw: Stone             |     1 |       |       ||     1
 Cast: Scorch            |    11 |    25 |     7 ||    43
Invok: Fiery Armour      |       |     1 |       ||     1
  Use: Scroll            |       |     1 |       ||     1
Armor: Robe              |    36 |       |       ||    36
       Leather armour    |     9 |    24 |     6 ||    39
Dodge: Dodged            |    45 |    41 |     1 ||    87

Table legend: (Time is in decaauts)
 A = Elapsed time spent in this place.
 B = Non-inter-level travel time spent in this place.
 C = Inter-level travel time spent in this place.
 D = Time resting spent in this place.
 E = Time spent auto-exploring this place.
 F = Levels seen in this place.
 G = Mean time per level.
                   A        B        C        D        E       F      G
               +--------+--------+--------+--------+--------+-----+--------+
         Total |   3938 |   3882 |     56 |   1103 |   1266 |   5 |  787.6 |
       Dungeon |   3938 |   3882 |     56 |   1103 |   1266 |   5 |  787.6 |
               +--------+--------+--------+--------+--------+-----+--------+

Top non-repeatable levels by time:
     D:4: 1377 daAuts
     D:2: 891 daAuts
     D:1: 731 daAuts
     D:3: 643 daAuts
     D:5: 294 daAuts
